 Dungeon Crawl Stone Soup version 0.31-a0-121-g1e386dd289 (webtiles) character file.

Game seed: 17002608372110585531

732 senseless the Ducker (level 7, -1/53 HPs)
             Began as a Merfolk Transmuter on May 31, 2023.
             Slain by an orc warrior
             ... wielding a +0 long sword
              (4 damage)
             ... on level 5 of the Dungeon.
             The game lasted 00:15:21 (4902 turns).

senseless the Ducker (Merfolk Transmuter)           Turns: 4902, Time: 00:15:22

Health: -1/53      AC:  8    Str: 17    XL:     7   Next: 73%
Magic:  21/21      EV: 15    Int: 14    God:
Gold:   185        SH:  0    Dex: 22    Spells: 6/13 levels left

rFire   + .          .
                       - Unarmed
rCold   . . .        (no shield)
rNeg    . . .        s - +1 leather armour {rF+}
rPois   .            p - melded +1 hat
rElec   .            k - +1 cloak
rCorr   .            m - +1 pair of gloves of Happiness {MP+9 Dex+2}
SInv    .            (boots currently unavailable)
Will    .....        (no amulet)
Stlth   ++           e - +6 ring of strength
HPRegen 0.28/turn    l - +6 ring of dexterity
MPRegen 0.17/turn

%: no passive effects
@: about to teleport, appendages (expiring), wereblooded (expiring)
A: horns 2, (nimble swimmer 2), mertail
a: End Transformation


You were on level 5 of the Dungeon.
You had temporarily grown beastly horns.
You visited 1 branch of the dungeon, and saw 5 of its levels.
You also visited: Sewer.

You collected 185 gold pieces.

Inventory:

Hand Weapons
 c - a +0 long sword
 g - a +3 spectral club
Armour
 a - a +0 robe
 d - a +1 ring mail of cold resistance
 k - a +1 cloak (worn)
 m - the +1 pair of gloves of Happiness (worn) {MP+9 Dex+2}
   (You acquired it on level 3 of the Dungeon)

   Dex:       It affects your dexterity (+2).
   MP:        It affects your magic capacity (+9).
 p - a +1 hat (melded)
 s - a +1 leather armour of fire resistance (worn)
Jewellery
 e - a +6 ring of strength (left hand)
 l - a +6 ring of dexterity (right hand)
 q - a ring of protection from cold
 y - an amulet of guardian spirit
Wands
 r - a wand of polymorph (8)
 x - a wand of paralysis (6)
Scrolls
 i - 3 scrolls of blinking
 o - 5 scrolls of teleportation
 v - 2 scrolls of amnesia
 w - a scroll of magic mapping
 A - 2 scrolls of fear {unknown}
Potions
 b - 2 potions of lignification
 f - a potion of magic
 h - 2 potions of resistance
 j - a potion of ambrosia
 n - 3 potions of mutation
 t - a potion of heal wounds {unknown}
 u - 4 potions of brilliance {unknown}
 z - a potion of curing {unknown}


   Skills:
 + Level 3.7 Fighting
 + Level 5.3 Dodging
 + Level 5.0 Unarmed Combat
 + Level 3.6 Spellcasting
 + Level 5.2 Transmutations
 + Level 2.6 Ice Magic


You had 6 spell levels left.
You knew the following spells:

 Your Spells              Type           Power      Damage    Failure   Level
a - Beastly Appendage     Tmut           34%        N/A       3%          1
b - Wereblood             Tmut           17%        N/A       4%          2
c - Ice Form              Ice/Tmut       13%        N/A       43%         4

Your spell library contained the following spells:

 Spells                   Type           Power      Damage    Failure   Level
 Spider Form              Tmut/Pois      9%         N/A       26%         3
 Gell's Gravitas          Tloc           2%         N/A       58%         3
 Teleport Other           Tloc           2%         N/A       58%         3
 Dispersal                Tloc           1%         N/A       100%        6


Dungeon Overview and Level Annotations

Branches:
Dungeon (5/15)              Sewer (visited)
 Temple: D:4-7

Altars:
Makhleb
Xom
Yredelemnul

Shops:
D:4 *


Innate Abilities, Weirdness & Mutations

You have temporarily grown beastly horns.
((You are very nimble when in or above water. (Stealth+, EV+, Speed+++)))
Your lower body shifts to a powerful aquatic tail in water.


Message History

You are too injured to fight recklessly!
You are too injured to fight recklessly!
You are too injured to fight recklessly!
You are too injured to fight recklessly!
You are too injured to fight recklessly!
You are too injured to fight recklessly!
You are too injured to fight recklessly!
You are too injured to fight recklessly!
You are too injured to fight recklessly!
You are too injured to fight recklessly!
You are too injured to fight recklessly!
You are too injured to fight recklessly!
You are too injured to fight recklessly!
You hit the orc. You headbutt the orc, but do no damage.
The orc is lightly wounded.
The orc barely misses you.
You barely miss the orc. You headbutt the orc.
You feel a bit better.
You kill the orc!
You closely miss the orc warrior. Your headbutt misses the orc warrior.
The orc warrior is moderately wounded.
You completely miss the orc wizard.
The orc warrior hits you with a +0 long sword.
The orc wizard points at you and mumbles some strange words.
The magic dart hits you.
You closely miss the orc wizard.
As you read the scroll of teleportation, it crumbles to dust.
You feel strangely unstable.
Your transformation is almost over.
Your primal bloodlust is almost over.
The orc warrior hits you with a +0 long sword!
* * * LOW HITPOINT WARNING * * *
The orc wizard hits you with a +0 dagger.
* * * LOW HITPOINT WARNING * * *
The orc wizard attacks as you move away!
The orc wizard hits you but does no damage.
The orc warrior attacks as you move away!
The orc warrior hits you with a +0 long sword.
* * * LOW HITPOINT WARNING * * *
The orc warrior attacks as you move away!
The orc warrior hits you with a +0 long sword.
You die...

*,,,,.....,,,,,,.######*********
*******....,,,,....$..#
*,#..#***#......#
*,*#..####......#
*,**#.o.##......#
*******+**###o##......#**##******
*,,,,,,,,,* #.........##....,,,,,
*+***,,,,,####So.......#.....,,,,
,,,**,,,,,#.....@.............,,,
,,,**,,,,,#...................,,,
,****+****#..................,,,,
,*,,,,,,,*####.........#.....,,,,
,*,,,,,,,* #............#******
,*,,,*,,,* ##............### *
,*,,***,,* #...............#****
,*,,,*,,,* #..........†..#..,,,,
,*,,,,,,,* #.............#******


You could see an orc warrior, an orc wizard, an adder and an orc.

Vanquished Creatures
  A black bear (D:5)
  A phantom (D:4)
  A howler monkey (D:4)
  A jelly (D:5)
  A hound (D:4)
  2 orc priests (D:4)
  Jessica (D:2)
  An iguana (D:5)
  2 orc wizards
  13 adders
  4 river rats (Sewer)
  2 white imps
  3 worms
  2 dart slugs
  19 orcs
  7 bats
  6 endoplasms
  8 giant cockroaches
  4 goblins
  6 hobgoblins
  6 jackals
  13 kobolds
  5 quokkas
  9 ball pythons
  8 frilled lizards
  9 rats
135 creatures vanquished.

Notes
Turn   | Place    | Note
-------+----------+-------------------------------------------
     0 | D:1      | senseless the Merfolk Transmuter began the quest for the
                  | Orb.
     0 | D:1      | Reached XP level 1. HP: 15/15 MP: 3/3
   147 | D:1      | Reached XP level 2. HP: 18/21 MP: 3/5
   150 | D:1      | Learned a level 2 spell: Wereblood
   578 | D:1      | Reached XP level 3. HP: 25/26 MP: 2/6
  1122 | D:2      | Noticed Jessica
  1131 | D:2      | Killed Jessica
  1132 | D:2      | Reached XP level 4. HP: 8/33 MP: 5/7
  2385 | D:3      | Reached XP level 5. HP: 31/38 MP: 4/9
  2597 | D:3      | Identified a scroll of acquirement
  2597 | D:3      | Acquired the +1 pair of gloves of Happiness {MP+9 Dex+2}
  2921 | D:3      | Found a burning altar of Makhleb.
  2986 | D:4      | Found Vurgh's Fire Supplies.
  3053 | D:4      | Noticed a phantom
  3062 | D:4      | Killed a phantom
  3063 | D:4      | Reached skill level 1 in Ice Magic
  3096 | D:4      | Learned a level 4 spell: Ice Form
  3124 | D:4      | Reached XP level 6. HP: 46/46 MP: 10/10
  3692 | D:4      | Found a basalt altar of Yredelemnul.
  3694 | D:4      | Found a shimmering altar of Xom.
  4029 | D:5      | Entered Level 5 of the Dungeon
  4138 | D:5      | Found a glowing drain.
  4156 | Sewer    | Entered a sewer
  4174 | Sewer    | Reached XP level 7. HP: 51/52 MP: 11/11
  4812 | D:5      | Reached skill level 5 in Dodging
  4812 | D:5      | Reached skill level 5 in Transmutations
  4829 | D:5      | Reached skill level 5 in Unarmed Combat
  4902 | D:5      | Slain by an orc warrior

Illustrated notes

Levels and vault maps discovered:
D:1:      dpeg_arrival_houses_and_road, layout_basic
D:2:      layout_basic, uniq_jessica
D:3:      layout_rooms, mainiacjoe_overflow_alcove_2
D:4:      kb_forest_paths, layout_basic, nicolae_overflow_hidden_temple,
          nicolae_shop_fire_sale [nicolae_sub_dead_trees]
D:5:      minmay_general_purpose_star, layout_basic, marbit_many_paths,
          portal_sewer_entry_f, kennysheep_generic_room_8

Skill      XL: |  1  2  3  4  5  6  7 |
---------------+----------------------+-----
Transmutations | 3 4 5 |  5.2
Dodging        | 3 4 5 |  5.3
Fighting       | 2 3 |  3.7
Unarmed Combat | 4 5 |  5.0
Ice Magic      | 1 2 |  2.6
Spellcasting   | 3 |  3.6

Action                     |  1- 3 |  4- 6 |  7- 9 || total
---------------------------+-------+-------+-------++-------
  Melee: Unarmed           |    81 |   192 |   128 ||   401
         Headbutt          |    10 |    36 |    30 ||    76
         Punch             |     1 |     8 |     2 ||    11
   Cast: Beastly Appendage |    16 |    30 |    14 ||    60
         Wereblood         |    12 |    30 |    13 ||    55
    Use: Scroll            |     4 |     7 |     3 ||    14
   Stab: Sleeping          |     2 |       |     1 ||     3
 Armour: Robe              |    20 |    34 |       ||    54
         Leather armour    |       |    42 |    33 ||    75
  Dodge: Dodged            |    44 |   147 |    94 ||   285

Table legend: (Time is in decaauts)
 A = Elapsed time spent in this place.
 B = Non-inter-level travel time spent in this place.
 C = Inter-level travel time spent in this place.
 D = Time resting spent in this place.
 E = Time spent auto-exploring this place.
 F = Levels seen in this place.
 G = Mean time per level.
                   A        B        C        D        E       F      G
               +--------+--------+--------+--------+--------+-----+--------+
         Total |   4776 |   4661 |    115 |     78 |   3659 |   6 |  796.0 |
       Dungeon |   4305 |   4190 |    115 |     78 |   3353 |   5 |  861.0 |
         Sewer |    470 |    470 |      0 |      0 |    306 |   1 |  470.0 |
               +--------+--------+--------+--------+--------+-----+--------+

Top non-repeatable levels by time:
     D:2: 1230 daAuts
     D:1: 1110 daAuts
     D:4: 1058 daAuts
     D:3: 614 daAuts
   Sewer: 470 daAuts
     D:5: 291 daAuts
